 Dungeon Crawl Stone Soup version 0.19.1 (webtiles) character file.

923 Woebin the Covert (level 7, 0/52 HPs)
             Began as a Vampire Assassin on Nov 30, 2016.
             Was an Initiate of Dithmenos.
             Slain by a gnoll
             ... wielding a +0 flail
              (4 damage)
             ... on level 4 of the Dungeon.
             The game lasted 00:23:08 (6268 turns).

Woebin the Covert (Vampire Assassin)                Turns: 6268, Time: 00:23:08

Health: 0/52       AC:  5    Str: 10    XL:     7   Next: 84%
Magic:  0/7        EV: 13    Int: 13    God:    Dithmenos [......]
Gold:   167        SH:  4    Dex: 18    Spells: 0 memorised, 6 levels left

rFire  . . .     SeeInvis +     a - +2 dagger
rCold  + + .     Gourm    .     j - +0 robe {MR+}
rNeg   + + +     Faith    .     e - +0 buckler
rPois  ∞         Spirit   +     (no helmet)
rElec  .         Reflect  .     d - +0 cloak
rCorr  .         Harm     .     s - +0 pair of gloves
MR     +....                    w - +0 pair of boots
Stlth  +++++++...               n - amulet of guardian spirit
                                (no ring)
                                (no ring)

@: bloodless, non-regenerating
A: fangs 3, see invisible, unbreathing
a: Bat Form, Renounce Religion


You were on level 4 of the Dungeon.
You worshipped Dithmenos.
Dithmenos was noncommittal.
You were bloodless.

You visited 2 branches of the dungeon, and saw 5 of its levels.

You collected 167 gold pieces.

Inventory:

Hand Weapons
 a - a +2 dagger (weapon)
 b - a +0 blowgun
Missiles
 f - 2 curare-tipped needles
 p - 5 poisoned needles
Armour
 d - a +0 cloak (worn)
 e - a +0 buckler (worn)
 j - a +0 robe of magic resistance (worn)
 s - a +0 pair of gloves (worn)
 w - a +0 pair of boots (worn)
 y - a +0 shield
Jewellery
 n - an amulet of guardian spirit (around neck)
Scrolls
 c - a scroll of noise {unknown}
 g - a scroll of identify {unknown}
 h - a scroll of enchant armour {unknown}
 i - a scroll of amnesia {unknown}
 k - a scroll of enchant weapon {unknown}
 l - 4 scrolls of remove curse
 o - a scroll of magic mapping {unknown}
 r - a scroll of random uselessness {unknown}
 t - 2 scrolls of fog
 u - 2 scrolls of recharging {unknown}
 v - a scroll of immolation {unknown}
Potions
 m - a potion of degeneration {unknown}
 x - a potion of curing


   Skills:
 + Level 3.2 Fighting
 + Level 5.2 Short Blades
 + Level 2.3 Throwing
 + Level 3.5 Dodging
 * Level 10.7 Stealth
 + Level 1.0 Shields


You had 6 spell levels left.
You didn't know any spells.

Dungeon Overview and Level Annotations

Branches:
Dungeon (4/15)             Temple (1/1) D:4

Altars:
Ashenzari
Cheibriados
Dithmenos
Fedhas
Gozag
Hepliaklqana
Kikubaaqudgha
Nemelex Xobeh
Okawaru
Qazlal
Ru
Sif Muna
Uskayaw
Vehumet
Xom
Yredelemnul
The Shining One


Innate Abilities, Weirdness & Mutations

You do not heal naturally.
You are immune to poison.
You have razor-sharp teeth.
You have supernaturally acute eyesight. (SInv)
You can survive without breathing.


Message History

a robe; a dagger You see here a chain mail.
You see here an adder skeleton.
There is an open door here.
There is a stone staircase leading down here.
You climb downwards.
There is a stone staircase leading up here.
A gnoll comes into view. It is wielding a flail.
You are too injured to fight recklessly!
A gnoll comes into view.
A gnoll comes into view. It is wielding a spear.
The gnoll shouts! x2; You hear a shout! x2
The gnoll throws a throwing net.
The throwing net closely misses you. The gnoll hits you but does no damage.
The gnoll closely misses you. The gnoll hits you but does no damage.
The gnoll hits you from afar with a spear!
* * * LOW HITPOINT WARNING * * *
It was a potion of cancellation.
You feel magically purged. The gnoll hits you with a flail!
You die...

#.. #.#
#.# #.#
######.#
#....go#
#......#g#
#.....##g#
#......
#@#
.....##
#.# #####
#.# #.#
#.# #.#
#.# #.#
#.#


You could see an orc warrior and 3 gnolls.

Vanquished Creatures
  Pikel (D:4)
  2 slaves (D:4)
  An ogre (D:4)
  A hound (D:4)
  2 orc priests
  A centaur skeleton (D:4)
  2 orc wizards (D:3)
  7 gnolls (D:2)
  6 adders
  2 oozes (D:1)
  3 worms
  2 dart slugs
  8 leopard geckos
  9 orcs
  5 giant cockroaches
  10 goblins
  7 hobgoblins
  2 jackals (D:3)
  9 kobolds
  3 quokkas
  6 bats
  8 frilled lizards
  A leopard gecko skeleton (D:4)
  5 rats
103 creatures vanquished.

Vanquished Creatures (others)
  A howler monkey (D:4)
  A bullfrog skeleton (D:4)
  An orc wizard (D:4)
  3 orcs (D:4)
6 creatures vanquished.

Grand Total: 109 creatures vanquished

Notes
Turn   | Place    | Note
-------+----------+-------------------------------------------
     0 | D:1      | Woebin the Vampire Assassin began the quest for the Orb.
     0 | D:1      | Reached XP level 1. HP: 16/16 MP: 1/1
     6 | D:1      | Reached skill level 6 in Stealth
   117 | D:1      | Reached XP level 2. HP: 22/22 MP: 2/2
   374 | D:1      | Reached skill level 7 in Stealth
   508 | D:1      | Reached XP level 3. HP: 27/27 MP: 3/3
  1356 | D:2      | Found a stormy altar of Qazlal.
  2091 | D:2      | Reached skill level 8 in Stealth
  2091 | D:2      | Reached XP level 4. HP: 33/33 MP: 4/4
  2721 | D:2      | Reached XP level 5. HP: 25/38 MP: 2/5
  3071 | D:2      | Found a deep blue altar of Sif Muna.
  3590 | D:3      | Found a basalt altar of Yredelemnul.
  3638 | D:3      | Reached skill level 9 in Stealth
  3762 | D:3      | Reached XP level 6. HP: 31/44 MP: 4/6
  4461 | D:3      | Found a hide-covered altar of Uskayaw.
  4463 | D:3      | Found an iron altar of Okawaru.
  4687 | D:4      | Noticed Pikel
  4687 | D:4      | Noticed a slave
  4687 | D:4      | Noticed a slave
  4687 | D:4      | Noticed a slave
  4687 | D:4      | Noticed a slave
  4688 | D:4      | Killed a slave
  4690 | D:4      | Killed a slave
  4901 | D:4      | Found a shadowy altar of Dithmenos.
  4904 | D:4      | Became a worshipper of Dithmenos the Shadowed
  4911 | D:4      | Found a staircase to the Ecumenical Temple.
  5096 | Temple   | Entered the Ecumenical Temple
  5268 | D:4      | Killed Pikel
  5268 | D:4      | Reached skill level 5 in Short Blades
  5268 | D:4      | Reached skill level 10 in Stealth
  5268 | D:4      | Reached skill level 1 in Shields
  5268 | D:4      | Reached XP level 7. HP: 27/52 MP: 5/7
  6268 | D:4      | Slain by a gnoll

Skill      XL: |  1  2  3  4  5  6 |
---------------+-------------------+-----
Stealth        | 6 7 8 9 10 | 10.7
Fighting       | 2 3 |  3.2
Throwing       | 2 |  2.3
Short Blades   | 3 5 |  5.2
Dodging        | 3 |  3.5
Shields        | 1 |  1.0

Action                   |  1- 3 |  4- 6 |  7- 9 || total
-------------------------+-------+-------+-------++-------
Melee: Dagger            |    90 |   298 |    30 ||   418
       Bite              |     8 |    39 |     3 ||    50
 Fire: Blowgun           |    13 |    15 |     1 ||    29
 Abil: End Transformatio |     2 |     3 |     1 ||     6
       Bat Form          |     2 |     3 |     1 ||     6
  Use: Scroll            |       |     4 |       ||     4
       Potion            |       |     4 |     1 ||     5
 Stab: Sleeping          |    18 |    13 |     4 ||    35
       Distracted        |     1 |       |       ||     1
  Eat: Corpse            |     1 |     4 |     1 ||     6
Armor: Robe              |    10 |    38 |     4 ||    52
Dodge: Dodged            |    29 |   114 |     9 ||   152
Block: Buckler           |     2 |    25 |     1 ||    28
